 Dungeon Crawl Stone Soup version 0.28-a0-413-gde365fb1df (webtiles) character file.

Game seed: 1887248745699222336

44 bisexualwizard the Chopper (level 3, -3/30 HPs)
             Began as a Minotaur Gladiator on Sept 7, 2021.
             Slain by Sigmund (8 damage)
             ... on level 2 of the Dungeon.
             The game lasted 00:01:29 (1249 turns).

bisexualwizard the Chopper (Minotaur Gladiator)     Turns: 1249, Time: 00:01:29

Health: -3/30      AC:  4    Str: 19    XL:     3   Next: 39%
Magic:  2/2        EV: 12    Int:  5    God:
Gold:   43         SH:  0    Dex: 11    Spells: 2/2 levels left

rFire   . . .      SeeInvis .   a - +0 war axe
rCold   . . .      Faith    .   (no shield)
rNeg    . . .      Spirit   .   b - +0 leather armour
rPois   .          Reflect  .   c - +1 hat
rElec   .          Harm     .   (no cloak)
rCorr   .          Rampage  .   (no gloves)
Will    .....                   (no boots)
Stlth   +.........              (no amulet)
HPRegen 0.10/turn               (no ring)
MPRegen 0.08/turn               (no ring)

@: hasted, very quick
A: horns 2, retaliatory headbutt
a: no special abilities


You were on level 2 of the Dungeon.
You visited 1 branch of the dungeon, and saw 2 of its levels.

You collected 43 gold pieces.

Inventory:

Hand Weapons
 a - a +0 war axe (weapon)
Missiles
 d - 2 throwing nets (quivered)
Armour
 b - a +0 leather armour (worn)
 c - a +1 hat (worn)
Scrolls
 f - 2 scrolls of enchant armour
 g - a scroll of fear {unknown}


   Skills:
 + Level 2.9 Fighting
 + Level 4.6 Axes
 + Level 2.1 Throwing
 + Level 0.4 Armour
 + Level 3.6 Dodging
 + Level 0.2 Stealth


You had 2 spell levels left.
You didn't know any spells.
Your spell library was empty.

Dungeon Overview and Level Annotations

Branches:
Dungeon (2/15)

Altars:

Annotations:
D:2 Sigmund


Innate Abilities, Weirdness & Mutations

You have a pair of horns on your head.
You reflexively headbutt those who attack you in melee.


Message History

Aim: Sigmund, wielding a +0 scythe and wearing a +0 robe (53% to hit)
You throw a throwing net. The throwing net hits Sigmund.
Sigmund is caught in the net!
Sigmund smiles chillingly.
Sigmund points at you and mumbles some strange words.
You are confused.
Sigmund struggles against the net.
You are too confused!
You are too confused!
You are too confused!
It was a potion of haste.
You feel yourself speed up.
Sigmund struggles against the net.
Sigmund struggles against the net.
Sigmund casts a spell.
Sigmund flickers and vanishes!
Deactivating autopickup; reactivate with Ctrl-A.
Something wriggles in the net.
You feel less confused.
Something wriggles in the net.
All of a sudden the net rips apart!
You hit something but do no damage. Your headbutt misses something.
Something barely misses you.
You closely miss something. Your headbutt misses something.
You closely miss something. Your headbutt misses something. Something hits you.
You closely miss something. You headbutt something!
You hear some strange, mumbled words.
Something tries to affect you, but you resist.
You barely miss something. Something hits you!
You aren't carrying any potions.
As you read the scroll labelled KEBACS ZIONLO, it crumbles to dust.
It is a scroll of enchant armour.
Your +0 hat glows green for a moment.
You miss something. Your headbutt misses something.
You hit something but do no damage. You headbutt something!
Something hits you but does no damage.
You miss something.
An endoplasm comes into view.
Something hits you!
* * * LOW HITPOINT WARNING * * *
Something hits you!
You die...

#####. #..(..
..... #... J..
######.#+#+###
.......{.....#
######......#
+<@....#
#......#
#......#
#......#
#......#
.......#
....#####
.....# ......#


There were no monsters in sight!

Vanquished Creatures
  An adder (D:2)
  A dart slug (D:1)
  4 ball pythons (D:1)
  3 endoplasms (D:1)
  4 goblins
  2 hobgoblins (D:1)
  2 jackals (D:1)
  2 quokkas (D:1)
  4 bats (D:1)
  2 kobolds (D:1)
  3 rats (D:1)
28 creatures vanquished.

Notes
Turn   | Place    | Note
-------+----------+-------------------------------------------
     0 | D:1      | bisexualwizard the Minotaur Gladiator began the quest for
                  | the Orb.
     0 | D:1      | Reached XP level 1. HP: 18/18 MP: 0/0
   116 | D:1      | Found a faded altar of an unknown god.
   149 | D:1      | Reached skill level 4 in Axes
   149 | D:1      | Reached XP level 2. HP: 18/25 MP: 1/1
   739 | D:1      | Reached XP level 3. HP: 30/30 MP: 2/2
  1227 | D:2      | Noticed Sigmund
  1249 | D:2      | Slain by Sigmund

Illustrated notes

Levels and vault maps discovered:
D:1:      dpeg_arrival_simpleton_a, layout_loops_corners, basic_ecumenical_altar
D:2:      layout_basic, uniq_sigmund

Skill      XL: |  1 |
---------------+----+-----
Axes           | 4 |  4.6
Fighting       | |  2.9
Throwing       | |  2.1
Armour         | |  0.4
Dodging        | |  3.6
Stealth        | |  0.2

Action                   || total
-------------------------++-------
Melee: War axe           ||    57
       Headbutt          ||     5
Throw: Throwing net      ||     1
  Use: Scroll            ||     1
       Potion            ||     1
Armor: Leather armour    ||    17
Dodge: Dodged            ||    37

Table legend: (Time is in decaauts)
 A = Elapsed time spent in this place.
 B = Non-inter-level travel time spent in this place.
 C = Inter-level travel time spent in this place.
 D = Time resting spent in this place.
 E = Time spent auto-exploring this place.
 F = Levels seen in this place.
 G = Mean time per level.
                   A        B        C        D        E       F      G
               +--------+--------+--------+--------+--------+-----+--------+
         Total |   1258 |   1185 |     73 |      9 |   1028 |   2 |  629.0 |
       Dungeon |   1258 |   1185 |     73 |      9 |   1028 |   2 |  629.0 |
               +--------+--------+--------+--------+--------+-----+--------+

Top non-repeatable levels by time:
     D:1: 1234 daAuts
     D:2: 24 daAuts
